 Dungeon Crawl Stone Soup version 0.28.0-43-g3370ac3207 (webtiles) character file.

Game seed: 577441404993899771

1192 pkoi the Destroyer (level 8, -3/57 HPs)
             Began as a Yellow Draconian Conjurer on Feb 28, 2022.
             Slain by a sky beast (5 damage)
             ... in the Ecumenical Temple.
             The game lasted 00:10:54 (7946 turns).

pkoi the Destroyer (Yellow Draconian Conjurer)      Turns: 7946, Time: 00:10:54

Health: -3/57      AC:  7    Str:  9    XL:     8   Next: 20%
Magic:  1/12       EV: 12    Int: 20    God:
Gold:   245        SH:  0    Dex: 11    Spells: 2/13 levels left

rFire   . . .      SeeInvis .   h - +5 club
rCold   . . .      Faith    .   (no shield)
rNeg    . . .      Spirit   .   (armour unavailable)
rPois   .          Reflect  .   (helmet restricted)
rElec   .          Harm     .   q - +0 cloak
rCorr   +          Rampage  .   (no gloves)
Will    .....                   (no boots)
Stlth   ++........              (no amulet)
HPRegen 0.19/turn               (no ring)
MPRegen 0.13/turn               (no ring)

@: short of breath
A: spit acid, AC +6, unfitting armour, cold-blooded, acid resistance
a: Breathe Acid


You were in the Ecumenical Temple.
You visited 2 branches of the dungeon, and saw 7 of its levels.
You also visited: Sewer.

You collected 245 gold pieces.

Inventory:

Hand Weapons
 c - a +1 rapier
 g - a +1 dagger of electrocution
 h - a +5 club (weapon)
Missiles
 i - 2 atropa-tipped darts
Armour
 q - a +0 cloak (worn)
Scrolls
 b - 2 scrolls of teleportation
 l - 3 scrolls of identify
Potions
 a - 3 potions of resistance {unknown}
 d - 2 potions of mutation {unknown}
 e - a potion of might
 f - a potion of heal wounds
 j - a potion of berserk rage
 k - a potion of degeneration {unknown}
 m - 2 potions of magic {unknown}
 n - 3 potions of haste {unknown}
 o - 3 potions of invisibility {unknown}
 p - a potion of cancellation {unknown}
 r - a potion of curing {unknown}


   Skills:
 + Level 2.2 Dodging
 - Level 1.7 Stealth
 - Level 3.0 Spellcasting
 + Level 8.4 Conjurations
 + Level 2.5 Hexes
 + Level 4.6 Translocations


You had 2 spell levels left.
You knew the following spells:

 Your Spells              Type           Power      Damage    Failure   Level
a - Magic Dart            Conj           100%       1d8       1%          1
b - Searing Ray           Conj           72%        2d7       1%          2
c - Iskenderun's Mystic   Conj/Tloc      29%        2d7       10%         4
d - Fulminant Prism       Conj/Hex       12%        3d9       14%         4

Your spell library contained the following spells:

 Spells                   Type           Power      Damage    Failure   Level
 Animate Skeleton         Necr           6%         N/A       14%         1
 Pain                     Necr           12%        1d4       14%         1
 Summon Small Mammal      Summ           12%        N/A       14%         1
 Dazzling Flash           Conj/Hex       50%        N/A       4%          3
 Summon Guardian Golem    Hex/Summ       8%         N/A       26%         3
 Call Canine Familiar     Summ           3%         N/A       38%         3
 Vampiric Draining        Necr           3%         2d6       38%         3


Dungeon Overview and Level Annotations

Branches:
Dungeon (6/15)             Temple (1/1) D:6           Sewer (visited)

Altars:
Hepliaklqana
Kikubaaqudgha
Okawaru
Qazlal
Sif Muna
Zin
The Shining One

Shops:
D:2 *

Annotations:
D:4 3 runed translucent doors, DrStoges's ghost, novice BaIE


Innate Abilities, Weirdness & Mutations

You can spit globs of acid.
Your golden yellow scales are hard. (AC +6)
You cannot fit into any form of body armour.
You are cold-blooded and may be slowed by cold attacks.
You are resistant to acid. (rCorr)


Message History

The sky beast shocks you.
* * * LOW HITPOINT WARNING * * *
You hit the sky beast.
Your tail-slap misses the sky beast.
The sky beast is almost dead.
The sky beast closely misses you.
Unknown command.
Aiming: Magic Dart (safe; 1% risk of failure)
Press: ? - help, Q - select action, (/) - cycle Shift-Dir - straight line, f/p - sky beast
Aim: a sky beast (almost dead, 100% to hit)
The magic dart hits the sky beast but does no damage.
The sky beast is almost dead.
The sky beast hits you.
* * * LOW HITPOINT WARNING * * *
The sky beast shocks you.
* * * LOW HITPOINT WARNING * * *
You barely miss the sky beast.
The sky beast is almost dead.
The sky beast flickers out of sight!
Deactivating autopickup; reactivate with Ctrl-A.
Something hits you but does no damage.
You closely miss something. Something hits you.
* * * LOW HITPOINT WARNING * * *
Something shocks you.
* * * LOW HITPOINT WARNING * * *
Unknown command.
Your +1 dagger of electrocution stops crackling.
h - a +5 club (weapon)
You miss something. Something hits you but does no damage.
You barely miss something.
You have got your breath back.
Something hits you.
* * * LOW HITPOINT WARNING * * *
Something shocks you.
* * * LOW HITPOINT WARNING * * *
Something hits you but does no damage.
Press: ? - help, Shift-Dir - straight line You spit a glob of acid.
Something hits you.
* * * LOW HITPOINT WARNING * * *
Something shocks you.
You die...

#########
...≈...P#
#..≈≈@#
#.≈.≈{P#
########


There were no monsters in sight!

Vanquished Creatures
  Grinder (D:4)
  A black bear (D:4)
  2 scorpions
  A water moccasin zombie (D:6)
  3 jellies (Sewer)
  A bullfrog skeleton (D:5)
  2 hounds
  2 orc priests (D:5)
  Jessica (D:2)
  Natasha (thrice) (D:2)
  4 orc wizards
  A scorpion zombie (D:3)
  A killer bee zombie (D:5)
  3 gnolls (D:3)
  A howler monkey skeleton (D:5)
  3 river rats
  5 adders
  An adder skeleton (D:4)
  3 worms
  6 dart slugs
  9 orcs
  12 ball pythons
  19 endoplasms
  6 giant cockroaches
  2 goblins
  5 hobgoblins
  5 quokkas
  7 bats
  7 frilled lizards
  3 kobolds (D:1)
  9 rats
129 creatures vanquished.

Notes
Turn   | Place    | Note
-------+----------+-------------------------------------------
     0 | D:1      | pkoi the Draconian Conjurer began the quest for the Orb.
     0 | D:1      | Reached XP level 1. HP: 14/14 MP: 3/3
   422 | D:1      | Reached XP level 2. HP: 20/20 MP: 0/5
   603 | D:1      | Learned a level 2 spell: Searing Ray
   859 | D:1      | Reached skill level 5 in Conjurations
   949 | D:1      | Reached XP level 3. HP: 26/26 MP: 4/6
  1201 | D:2      | Found a faded altar of an unknown god.
  1276 | D:2      | Noticed Jessica
  1282 | D:2      | Killed Jessica
  1283 | D:2      | Noticed Natasha
  1293 | D:2      | Killed Natasha
  1294 | D:2      | Reached XP level 4. HP: 30/33 MP: 2/7
  1391 | D:2      | Noticed Natasha
  1478 | D:2      | Reached skill level 6 in Conjurations
  1562 | D:2      | Killed Natasha
  1606 | D:2      | Noticed Natasha
  1611 | D:2      | Killed Natasha
  1612 | D:2      | Reached XP level 5. HP: 35/38 MP: 2/8
  1672 | D:2      | You fall into a shaft and drop 1 floor!
  2665 | D:2      | Found Hykibei's Assorted Antiques.
  2915 | D:3      | Reached skill level 7 in Conjurations
  3087 | D:3      | Learned a level 4 spell: Iskenderun's Mystic Blast
  3494 | D:2      | Reached XP level 6. HP: 35/45 MP: 4/9
  3575 | D:2      | Reached skill level 1 in Translocations
  4432 | D:4      | Found a runed translucent gate.
  4432 | D:4      | Found a runed translucent gate.
  4432 | D:4      | Found a runed translucent gate.
  4436 | D:4      | Noticed DrStoges's ghost (novice BaIE)
  4487 | D:4      | Found a hazy altar of Hepliaklqana.
  4636 | D:4      | Found a stormy altar of Qazlal.
  4709 | D:4      | Noticed Grinder
  4737 | D:4      | Killed Grinder
  4738 | D:4      | Your scales start taking on a golden yellow colour.
  4738 | D:4      | Reached XP level 7. HP: 20/50 MP: 1/11
  4738 | D:4      | Gained mutation: You are resistant to acid. (rCorr) [Yellow
                  | Draconian growth]
  5015 | D:4      | Learned a level 4 spell: Fulminant Prism
  5082 | D:4      | Found a glowing golden altar of the Shining One.
  5221 | D:5      | Entered Level 5 of the Dungeon
  5614 | D:5      | Found a glowing drain.
  5618 | Sewer    | Entered a sewer
  5679 | Sewer    | Reached skill level 1 in Hexes
  5768 | Sewer    | Reached skill level 8 in Conjurations
  6190 | Sewer    | Found a viscous altar of Jiyva.
  6504 | D:5      | Found a glowing silver altar of Zin.
  6863 | D:5      | Reached XP level 8. HP: 12/57 MP: 3/12
  7325 | D:5      | Found an ancient bone altar of Kikubaaqudgha.
  7325 | D:5      | Found an iron altar of Okawaru.
  7532 | D:5      | Found a shimmering blue altar of Sif Muna.
  7906 | D:6      | Found a staircase to the Ecumenical Temple.
  7915 | Temple   | Entered the Ecumenical Temple
  7946 | Temple   | HP: 2/57 [something (2)]
  7946 | Temple   | Slain by a sky beast

Illustrated notes

Levels and vault maps discovered:
D:1:      minmay_arrival_stone_box, layout_loops_ring
D:2:      layout_loops_ring, dreamdust_ecumenical_altar_hidden_monk_grotto,
          serial_shops, nicolae_shop_trees, uniq_jessica, uniq_natasha
D:3:      layout_basic, nicolae_concentric_dashed_squares_mild,
          chequers_serial_rivers_room_a, minivault_24, st_stairs_7,
          corexii_hall_statues_i
D:4:      layout_loops_cross, nzn_hepliaklqana_mist_gate,
          mainiacjoe_overflow_alcove_1, nicolae_qazlal_general_emergency,
          ebering_ghost_rock_garden, grunt_ministairs_9, uniq_grinder
D:5:      layout_cave_pods, zin_statuary, nicolae_overflow_hidden_temple,
          gup_sewer_entry_spiral, serial_glass, glass_columns_a,
          glass_columns_a, dk_noncrumbling_3
D:6:      layout_basic, general_overflow_altar,
          minmay_temple_entry_stoned_glass, serial_shops, nicolae_square_shop,
          serial_rivers, chequers_serial_rivers_micro_a,
          chequers_serial_rivers_micro_e, chequers_serial_rivers_room_a,
          chequers_serial_rivers_room_b, chequers_serial_rivers_large_a,
          chequers_serial_rivers_micro_c, minmay_hedge_maze, st_stairs_2
Temple:   kb_corrupted_temple

Skill      XL: |  1  2  3  4  5  6  7  8 |
---------------+-------------------------+-----
Conjurations   | 5 6 7 8 |  8.4
Translocations | 3 4 |  4.6
Spellcasting   | 3 |  3.0
Hexes          | 2 |  2.5
Dodging        | 2 |  2.2
Stealth        | |  1.7

Action                   |  1- 3 |  4- 6 |  7- 9 || total
-------------------------+-------+-------+-------++-------
Melee: Rapier            |    21 |    14 |       ||    35
       Tailslap          |     4 |     5 |     5 ||    14
       Club              |     7 |     6 |     2 ||    15
       Dagger            |       |    14 |    56 ||    70
       Punch             |       |     1 |       ||     1
 Cast: Magic Dart        |    49 |    62 |   102 ||   213
       Searing Ray       |       |    12 |     9 ||    21
 Abil: Breathe Acid      |       |       |     4 ||     4
  Use: Scroll            |       |     8 |     4 ||    12
 Stab: Sleeping          |       |     1 |       ||     1
Armor: Skin              |     6 |    27 |    36 ||    69
Dodge: Dodged            |    19 |    38 |    42 ||    99
